 Dungeon Crawl Stone Soup version 0.18-a0-1683-gf9322e6 (webtiles) character file.

1029 Krapule the Archer (level 8, 0/100 HPs)
             Began as a Centaur Hunter on Apr 3, 2016.
             Slain by a worker ant (3 damage)
             ... on level 4 of the Dungeon.
             The game lasted 00:18:04 (5968 turns).

Krapule the Archer (Centaur Hunter)                 Turns: 5968, Time: 00:18:05

Health: 0/100      AC: 24    Str: 14    XL:     8   Next: 3%
Magic:  8/8        EV:  1    Int: 10    God:
Gold:   160        SH:  0    Dex: 13    Spells: 0 memorised, 7 levels left

rFire  + . .     SeeInvis .     a - +0 flail (drain)
rCold  + . .     Gourm    .     (armour currently unavailable)
rNeg   + + +     Faith    .     (no shield)
rPois  +         Spirit   .     (helmet currently unavailable)
rElec  +         Dismiss  +     (cloak currently unavailable)
rCorr  +         Reflect  .     (gloves currently unavailable)
SustAt .         Harm     .     (no barding)
MR     .....     NoTele   +     e - amulet of dismissal
Stlth  ++........               (no ring)
                                m - ring of flight

@: lethally poisoned (0 -> -20), tree-form, resistant, very slightly
contaminated, hasted, very quick, not resistant to hostile enchantments,
unstealthy
A: (hooves 0), (deformed body), (speed 0), (tough skin 0)
a: no special abilities


You were on level 4 of the Dungeon.
You were hungry.
You were a tree.
You visited 1 branch of the dungeon, and saw 4 of its levels.

You collected 160 gold pieces.

Inventory:

Hand Weapons
 a - a +0 flail of draining (weapon)
 b - a +1 shortbow
 k - a +0 mace
 A - a +0 dagger of venom
Missiles
 d - 114 arrows
Armour
 c - a +0 leather armour
 p - a +0 pair of gloves (melded)
 u - a +0 hat (melded)
 y - a cursed +0 leather armour (melded)
Jewellery
 e - an amulet of dismissal (around neck)
 m - a ring of flight (left branch)
Wands
 z - a wand of flame (23/48)
Scrolls
 h - 4 scrolls of identify {unknown}
 i - 2 scrolls of remove curse {unknown}
 l - a scroll of random uselessness {unknown}
 r - a scroll of teleportation {unknown}
 w - a scroll of amnesia {unknown}
Potions
 n - 6 potions of haste
 s - a potion of invisibility {unknown}
 t - 2 potions of lignification
 v - a potion of curing {unknown}
 x - a potion of ambrosia {unknown}
Comestibles
 f - 3 bread rations
 g - 2 meat rations
 j - 2 fruits
 q - a royal jelly
 B - 2 chunks of flesh


   Skills:
 + Level 4.4 Fighting
 * Level 9.7 Bows
 + Level 3.9 Dodging
 - Level 2.0 Stealth


You had 7 spell levels left.
You didn't know any spells.

Dungeon Overview and Level Annotations

Branches:
Dungeon (4/15)
 Temple: D:4-7

Altars:
Pakellas
Qazlal
Ru
Xom


Innate Abilities, Weirdness & Mutations

((You have hooves in place of feet.))
((Armour fits poorly on your strangely shaped body.))
((You cover ground very quickly.))
((You have extremely tough skin (AC +3).))


Message History

You are feeling hungry.
* * * LOW HITPOINT WARNING * * *
You feel very sick. The worker ant misses you.
You are very lightly contaminated with residual magic.
Drink which item? (? for menu, Esc to quit)
It was a potion of lignification.
You turn into a tree.
Your +0 hat melds into your body.
Your +0 pair of gloves melds into your body.
Your cursed +0 leather armour melds into your body.
Your roots penetrate the ground.
* * * LOW HITPOINT WARNING * * *
You feel sick.
The worker ant bites you but does no damage.
Drink which item? (? for menu, Esc to quit)
It was a potion of resistance.
You feel protected.
* * * LOW HITPOINT WARNING * * *
You feel sick. The worker ant bites you.
You die...

#.#..##.........# ########.
##..####.###.##.# #..^..... ###
#.÷#.####.#..##.# #.#####.. ..#
#.#...# #...###.# #........
#.###...#.# #....##.# #.##.....
....##.#.## #.......# #.##.#..#
.....##_## ##...#### #....#).#
#...###### #...# ####.......#
#.#.####.# #..♣# #...........
.#....##.#####..a#####.##...<..#.
###.#>##.........).....##.##..##.
.#..#.................((..##..# .
.......................##.##..# .
#.##########.#...#.###........#
#.# #.#...#.# ####.###.. #.#
#.#...#.# #.# ###. #># #.#...#.#
#.# .


You could see a worker ant.

Vanquished Creatures
  The ghost of namnharef the Shooter, an amateur HEHu (D:4)
  Eustachio (D:4)
  Menkaure (D:3)
  Edmund (D:4)
  2 howler monkeys
  An orc priest (D:3)
  4 orc wizards (D:3)
  Natasha (thrice) (D:3)
  2 worker ants (D:3)
  Ijyb (D:2)
  5 adders
  An adder skeleton (D:4)
  2 worms
  2 dart slugs
  4 giant geckos
  8 orcs
  3 giant cockroaches (D:2)
  2 hobgoblins (D:1)
  7 jackals
  2 ball pythons
  A ball python skeleton (D:4)
  3 bats
  5 giant newts
  9 goblins
  4 kobolds
  5 rats
80 creatures vanquished.

Notes
Turn   | Place    | Note
--------------------------------------------------------------
     0 | D:1      | Krapule the Centaur Hunter began the quest for the Orb.
     0 | D:1      | Reached XP level 1. HP: 17/17 MP: 1/1
   187 | D:1      | You fall through a shaft!
   201 | D:2      | Reached XP level 2. HP: 16/24 MP: 2/2
   207 | D:2      | Reached skill level 1 in Stealth
  1259 | D:2      | Found a shimmering altar of Xom.
  1263 | D:1      | Reached XP level 3. HP: 29/29 MP: 3/3
  1521 | D:2      | Noticed Ijyb
  1535 | D:2      | Found a shimmering altar of Xom.
  1537 | D:2      | Found a shimmering altar of Xom.
  1551 | D:2      | Killed Ijyb
  1551 | D:2      | Reached skill level 6 in Bows
  1678 | D:2      | Reached XP level 4. HP: 34/36 MP: 4/4
  1743 | D:2      | Found a shimmering altar of Xom.
  1757 | D:2      | Found a shimmering altar of Xom.
  1758 | D:2      | Found a shimmering altar of Xom.
  2902 | D:3      | Reached XP level 5. HP: 39/41 MP: 5/5
  2973 | D:3      | Noticed Natasha
  2983 | D:3      | Killed Natasha
  3263 | D:3      | Reached skill level 7 in Bows
  3533 | D:3      | Found a sacrificial altar of Ru.
  3534 | D:3      | Found a stormy altar of Qazlal.
  3555 | D:3      | Noticed Natasha
  3570 | D:3      | Killed Natasha
  3719 | D:3      | Noticed Natasha
  3747 | D:3      | Killed Natasha
  3747 | D:3      | Reached XP level 6. HP: 29/50 MP: 6/6
  4216 | D:4      | Noticed Menkaure
  4223 | D:3      | Reached skill level 8 in Bows
  4399 | D:4      | Noticed namnharef's ghost (amateur HEHu)
  4411 | D:4      | Noticed Edmund
  4443 | D:3      | HP: 2/51 [Menkaure/nerve-wracking pain (10)]
  4446 | D:3      | Killed Menkaure
  4446 | D:3      | Reached XP level 7. HP: 3/57 MP: 7/7
  4932 | D:4      | Noticed Eustachio
  5533 | D:4      | Killed Edmund
  5674 | D:4      | Killed namnharef's ghost
  5674 | D:4      | Reached skill level 9 in Bows
  5880 | D:4      | Found an oddly glowing altar of Pakellas.
  5964 | D:4      | Killed Eustachio
  5964 | D:4      | Reached XP level 8. HP: 15/67 MP: 8/8
  5967 | D:4      | HP: 5/100 [poisoned by Eustachio]
  5968 | D:4      | Slain by a worker ant

Vault maps used:
D:1:      dpeg_arrival_boxes_within_box
D:2:      xom_redecorated, serial_curves, eino_curves_03, eino_curves_01,
          hangedman_decor_clover_reticule, kennysheep_generic_room_2, uniq_iyjb
D:3:      gammafunk_temple_overflow_statue, serial_curves, eino_curves_03,
          eino_curves_04, first_bread, uniq_natasha
D:4:      marbit_many_paths, uniq_edmund, uniq_menkaure, uniq_eustachio

Skill      XL: |  1  2  3  4  5  6  7 |
---------------+----------------------+-----
Stealth        | 1 2 |  2.0
Bows           | 6 7 8 9 |  9.7
Dodging        | 2 3 |  3.9
Fighting       | 3 4 |  4.4

Action                   |  1- 3 |  4- 6 |  7- 9 || total
-------------------------+-------+-------+-------++-------
Melee: Short sword       |    40 |       |       ||    40
       Mace              |    30 |       |       ||    30
       Dagger            |     9 |   147 |    16 ||   172
       Flail             |       |       |    24 ||    24
 Fire: Shortbow          |    11 |    46 |    69 ||   126
  Use: Potion            |       |       |     3 ||     3
  Eat: Chunk             |     1 |     8 |     4 ||    13
